 Dungeon Crawl Stone Soup version 0.31-a0-486-g8d68a81214 (webtiles) character file.

Game seed: 15224026637616325949

65 AstroCodex24 the Covered (level 3, -1/31 HPs)
             Began as a Demigod Fighter on Aug 7, 2023.
             Killed from afar by an orc wizard (4 damage)
             ... with a magic dart
             ... on level 4 of the Dungeon.
             The game lasted 00:02:47 (766 turns).

AstroCodex24 the Covered (Demigod Fighter)           Turns: 766, Time: 00:02:47

Health: -1/31      AC:  6    Str: 21    XL:     3   Next: 67%
Magic:  5/5        EV:  9    Int: 10    God:
Gold:   30         SH:  4    Dex: 13    Spells: 2/2 levels left

rFire   . . .        a - +0 war axe
rCold   . . .        c - +0 buckler
rNeg    . . .        b - +0 scale mail
rPois   .            (no helmet)
rElec   .            (no cloak)
rCorr   .            (no gloves)
SInv    .            (no boots)
Will    .....        (no amulet) Stlth
                     (no ring)
HPRegen 0.25/turn    (no ring)
MPRegen 0.09/turn

%: no passive effects
@: no status effects
A: high MP 1, forlorn, divine attributes
a: no special abilities


You were on level 4 of the Dungeon.
You visited 1 branch of the dungeon, and saw 4 of its levels.

You collected 30 gold pieces.

Inventory:

Hand Weapons
 a - a +0 war axe (weapon)
Armour
 b - a +0 scale mail (worn)
 c - a +0 buckler (worn)
Scrolls
 f - a scroll of poison {unknown}
 i - 2 scrolls of identify {unknown}
Potions
 d - a potion of might
 e - a potion of haste {unknown}
 g - a potion of brilliance {unknown}
 h - a potion of degeneration {unknown}
 j - a potion of curing {unknown}


   Skills:
 + Level 3.1 Fighting
 + Level 2.6 Axes
 + Level 3.2 Armour
 + Level 0.5 Dodging
 + Level 3.0 Shields


You had 2 spell levels left.
You didn't know any spells.
Your spell library was empty.

Dungeon Overview and Level Annotations

Branches:
Dungeon (4/15)
 Temple: D:4-7


Innate Abilities, Weirdness & Mutations

You have an increased reservoir of magic. (+10% MP)
You shall have no god before yourself.
Your divine heritage dramatically boosts your attributes as you level up.


Message History

The puff of flame misses you. Something hits you but does no damage.
Deactivating autopickup; reactivate with Ctrl-A.
You block the orc wizard's attack. Something hits you but does no damage.
You hit the orc wizard.
The orc wizard is moderately wounded.
You closely miss something.
The orc wizard hits you but does no damage.
Something hits you but does no damage.
You miss the orc wizard.
The orc wizard is moderately wounded.
You miss something.
The orc wizard points at you and mumbles some strange words.
You resist with some effort. Something hits you but does no damage.
The orc wizard points at you and mumbles some strange words.
You resist with some effort. Something hits you.
* * * LOW HITPOINT WARNING * * *
You barely miss the orc wizard.
The orc wizard is moderately wounded.
You hit something.
The orc wizard hits you with a +0 dagger.
* * * LOW HITPOINT WARNING * * *
Something hits you but does no damage.
You slash the orc wizard!
You kill the orc wizard!
You miss something.
Something hits you but does no damage. x2
Your Shields skill increases to level 3!
Things that are here:
a +0 dagger; a +0 robe; an orc corpse Something hits you but does no damage.
Things that are here:
a +0 mace; an orc corpse Something hits you but does no damage.
Something completely misses you.
You hit something but do no damage. Something hits you.
* * * LOW HITPOINT WARNING * * *
You closely miss something. Something hits you.
* * * LOW HITPOINT WARNING * * *
A magic dart appears from out of thin air!
The magic dart hits you.
You die...

#.# #.# #+# #.# #.# #
#.##### #.# #.
#.#...###.######
#.###.......?....$.#
................##.###.#
#.....)....)..{.@......#
#####.......#.####.#####
##......#.# #
##...#.#.####.#
#####........#
###.###### #.# #.# #.#


There were no monsters in sight!

Vanquished Creatures
  An orc wizard (D:4)
  An orc (D:4)
  5 bats (D:1)
  3 endoplasms (D:1)
  4 goblins
  3 hobgoblins (D:1)
  8 jackals
  A kobold (D:1)
  2 quokkas (D:1)
  3 ball pythons (D:1)
  2 rats (D:1)
33 creatures vanquished.

Notes
Turn   | Place    | Note
-------+----------+-------------------------------------------
     0 | D:1      | AstroCodex24 the Demigod Fighter began the quest for the
                  | Orb.
     0 | D:1      | Reached XP level 1. HP: 18/18 MP: 3/3
   156 | D:1      | Reached XP level 2. HP: 25/25 MP: 4/4
   697 | D:3      | Reached XP level 3. HP: 31/31 MP: 5/5
   752 | D:4      | HP: 1/31 [orc wizard/+0 dagger (2)]
   766 | D:4      | Killed from afar by an orc wizard

Illustrated notes

Levels and vault maps discovered:
D:1:      minmay_arrival_cross, layout_loops_ring, minmay_misc_feat_doors
D:2:      layout_basic, serial_shops, nicolae_book_shop_shelving,
          uniq_crazy_yiuf_cottage
D:3:      layout_basic, xom_confusion_cloud, uniq_jessica
D:4:      layout_loops_corners

Skill      XL: |  1  2  3 |
---------------+----------+-----
Axes           | 2 |  2.6
Armour         | 3 |  3.2
Fighting       | 3 |  3.1
Shields        | 3 |  3.0
Dodging        | |  0.5

Action                     || total
---------------------------++-------
  Melee: War axe           ||    92
 Armour: Scale mail        ||    92
  Dodge: Dodged            ||    78
  Block: Buckler           ||    28

Table legend: (Time is in decaauts)
 A = Elapsed time spent in this place.
 B = Non-inter-level travel time spent in this place.
 C = Inter-level travel time spent in this place.
 D = Time resting spent in this place.
 E = Time spent auto-exploring this place.
 F = Levels seen in this place.
 G = Mean time per level.
                   A        B        C        D        E       F      G
               +--------+--------+--------+--------+--------+-----+--------+
         Total |    805 |    791 |     14 |      0 |      0 |   4 |  201.2 |
       Dungeon |    805 |    791 |     14 |      0 |      0 |   4 |  201.2 |
               +--------+--------+--------+--------+--------+-----+--------+

Top non-repeatable levels by time:
     D:1: 713 daAuts
     D:4: 44 daAuts
     D:3: 39 daAuts
     D:2: 8 daAuts
